 Dungeon Crawl Stone Soup version 0.31-a0-1589-g8f5e8aebd6 (webtiles) character file.

Game seed: 9455528189211166881

60 CougarLife the Chopper (level 4, -4/48 HPs)
             Began as an Oni Gladiator on Jan 5, 2024.
             Slain by an orc
             ... wielding a +0 hand axe
              (6 damage)
             ... on level 2 of the Dungeon.
             The game lasted 00:02:00 (1446 turns).

CougarLife the Chopper (Oni Gladiator)              Turns: 1446, Time: 00:02:00

Health: -4/48      AC:  3    Str: 20    XL:     4   Next: 4%
Magic:  4/4        EV: 10    Int:  9    God:
Gold:   182        SH:  0    Dex: 10    Spells: 3/3 levels left

rFire   . . .        a - +0 war axe
rCold   . . .        (no shield)
rNeg    . . .        b - +0 robe
rPois   .            c - +0 hat
rElec   .            (no cloak)
rCorr   .            (gloves unavailable)
SInv    .            (boots unavailable)
Will    .....        (no amulet)
Stlth   +            (no ring)
HPRegen 0.28/turn    (no ring)
MPRegen 0.09/turn

%: no passive effects
@: no status effects
A: large, unfitting armour, horns 1, tough skin 1, double potion healing,
drunken brawling
a: no special abilities


You were on level 2 of the Dungeon.
You visited 1 branch of the dungeon, and saw 3 of its levels.

You collected 182 gold pieces.

Inventory:

Hand Weapons
 a - a +0 war axe (weapon)
Missiles
 d - 3 throwing nets
 e - a large rock
 p - 6 atropa-tipped darts
 q - 9 poisoned darts (quivered)
 t - 4 curare-tipped darts
Armour
 b - a +0 robe (worn)
 c - a +0 hat (worn)
Scrolls
 f - a scroll of fog {unknown}
 j - a scroll of fear {unknown}
 k - 2 scrolls of enchant armour {unknown}
 m - a scroll of identify {unknown}
 n - a scroll of amnesia {unknown}
 o - 3 scrolls of teleportation {unknown}
 r - a scroll of noise {unknown}
 s - a scroll of poison {unknown}
Potions
 g - a potion of curing {unknown}
 h - a potion of might {unknown}
 i - a potion of magic {unknown}
 l - 2 potions of attraction {unknown}


   Skills:
 + Level 4.0 Fighting
 * Level 4.2 Axes
 - Level 2.0 Throwing
 - Level 2.6 Dodging


You had 3 spell levels left.
You didn't know any spells.
Your spell library contained the following spells:

 Spells                   Type           Power      Damage    Failure   Level
 Magic Dart               Conj           0%         1d3       38%         1
 Searing Ray              Conj           0%         2d4       52%         2
 Fulminant Prism          Conj/Alch      0%         3d5       99%         4


Dungeon Overview and Level Annotations

Branches:
Dungeon (3/15)

Altars:


Innate Abilities, Weirdness & Mutations

You are too large for most types of armour.
You have a pair of small horns on your head.
You have tough skin. (AC +1)
You gain doubled healing and magic from potions.
Whenever you drink a healing potion, you attack all around you.


Message History

Done exploring.
There is a stone staircase leading down here.
You climb downwards.
The orc shouts! x2; You hear a shout!
There is a stone staircase leading up here.
You hit the orc.
The orc is almost dead.
You hit the orc. You barely miss the orc.
An orc comes into view. It is wielding a +0 club.
The orc closely misses you. The orc barely misses you.
The orc hits you with a +1 heavy flail!!
You barely miss the orc.
The orc is almost dead.
You closely miss the orc. You hit the orc. The orc hits you but does no damage.
The orc barely misses you. The orc completely misses you.
The orc closely misses you. x2
You climb upwards.
There is a stone staircase leading down here.
Okay, then.
You barely miss the orc. You headbutt the orc.
You kill the orc!
You barely miss the orc. x2; The orc hits you with a +1 heavy flail!
The orc hits you with a +0 hand axe.
* * * LOW HITPOINT WARNING * * *
Your Fighting skill increases to level 4!
You have reached level 4!
You hit the orc but do no damage.
The orc is heavily wounded.
You hit the orc but do no damage. The orc completely misses you.
The orc hits you with a +1 heavy flail.
* * * LOW HITPOINT WARNING * * *
The orc barely misses you.
You slash the orc!
You kill the orc!
You closely miss the orc. The orc hits you with a +0 hand axe.
* * * LOW HITPOINT WARNING * * *
You closely miss the orc. The orc hits you with a +0 hand axe.
* * * LOW HITPOINT WARNING * * *
You closely miss the orc. The orc hits you with a +0 hand axe.
You die...

##### #.#.#######..##.#.# ....#
#.#....(.....##.#.#######
##..#####.###....................
.#............#####..##.########.
⌠.#.#####)##### #..#..# #......
.#..# #.# #..#.## #.####.
##.######.#########..#.# #.# ##.
...............))....#.# #.# #..
#.#######......o@...##.# #.# #..
#.# ##############.# #.# #.. #.#
#.# #.# ##. #.## #.# #.# #..
...#### #.# #.# #.# #.....# #.#
#.###.# ##.##.# #.####.....#
#.##.# #.......#### #.##.#
#######....#


You could see an orc.

Vanquished Creatures
  2 dart slugs (D:1)
  2 orcs (D:2)
  9 bats
  7 endoplasms
  A giant cockroach (D:1)
  6 hobgoblins
  2 jackals (D:1)
  A quokka (D:1)
  3 ball pythons (D:1)
  3 goblins
  7 kobolds
  3 rats
46 creatures vanquished.

Notes
Turn   | Place    | Note
-------+----------+-------------------------------------------
     0 | D:1      | CougarLife the Oni Gladiator began the quest for the Orb.
     0 | D:1      | Reached XP level 1. HP: 22/22 MP: 1/1
    75 | D:1      | Reached XP level 2. HP: 27/31 MP: 2/2
   271 | D:1      | Reached XP level 3. HP: 37/37 MP: 3/3
  1443 | D:2      | Reached XP level 4. HP: 12/48 MP: 4/4
  1445 | D:2      | HP: 2/48 [orc/+0 hand axe (4)]
  1446 | D:2      | Slain by an orc

Illustrated notes

Levels and vault maps discovered:
D:1:      scummos_arrival_checkerplants, layout_rooms, minmay_misc_feat_square
D:2:      layout_loops_ring, st_stairs_6, grunt_decor_one_mirror
D:3:      layout_loops_ring, mainiacjoe_overflow_chevrons,
          ebering_ecumenical_altar_box

Skill      XL: |  1  2  3 |
---------------+----------+-----
Fighting       | 3 4 |  4.0
Axes           | 4 |  4.2
Throwing       | |  2.0
Dodging        | |  2.6

Action                     |  1- 3 |  4- 6 || total
---------------------------+-------+-------++-------
  Melee: War axe           |    98 |     4 ||   102
         Headbutt          |    19 |       ||    19
   Stab: Sleeping          |     4 |       ||     4
 Armour: Robe              |    70 |     4 ||    74
  Dodge: Dodged            |    59 |     2 ||    61

Table legend: (Time is in decaauts)
 A = Elapsed time spent in this place.
 B = Non-inter-level travel time spent in this place.
 C = Inter-level travel time spent in this place.
 D = Time resting spent in this place.
 E = Time spent auto-exploring this place.
 F = Levels seen in this place.
 G = Mean time per level.
                   A        B        C        D        E       F      G
               +--------+--------+--------+--------+--------+-----+--------+
         Total |   1477 |   1421 |     56 |      0 |   1119 |   3 |  492.3 |
       Dungeon |   1477 |   1421 |     56 |      0 |   1119 |   3 |  492.3 |
               +--------+--------+--------+--------+--------+-----+--------+

Top non-repeatable levels by time:
     D:2: 838 daAuts
     D:1: 635 daAuts
     D:3: 4 daAuts
